 Dungeon Crawl Stone Soup version 0.16-a0-2984-g889390b (webtiles) character file.

74 MackTheKnife the Skirmisher (level 4, -2/32 HPs)
             Began as a Gargoyle Wanderer on Dec 6, 2014.
             Slain by Restia's ghost (10 damage)
             ... on level 3 of the Dungeon.
             The game lasted 00:03:36 (2244 turns).

MackTheKnife the Skirmisher (Gargoyle Wanderer)     Turns: 2244, Time: 00:03:36

Health: -2/32      AC:  6    Str: 16    XL:     4   Next: 30%
Magic:  4/4        EV:  8    Int: 11    God:
Gold:   76         SH:  7    Dex: 11    Spells: 0 memorised, 3 levels left

rFire  . . .     SeeInvis .     l - +1 short sword (elec)
rCold  . . .     Clarity  .     h - +0 leather armour
rNeg   + . .     SustAb   .     a - +0 shield
rPois  ∞         Gourm    .     (no helmet)
rElec  +         Spirit   .     (no cloak)
rCorr  .         Warding  .     (no gloves)
rMut   .         Stasis   .     (no boots)
MR     .....                    (no amulet)
Stlth  ++........               (no ring)
                                (no ring)

@: not resistant to hostile enchantments, unstealthy
A: negative energy resistance 1, electricity resistance, unbreathing,
petrification resistance, rot immunity, AC +3
a: no special abilities


You were on level 3 of the Dungeon.
You were not hungry.

You visited 1 branch of the dungeon, and saw 3 of its levels.

You collected 76 gold pieces.


Innate Abilities, Weirdness & Mutations

You are resistant to torment.
You are immune to poison.
Your stone body is very resilient (AC +3).
You resist negative energy.
You are resistant to electric shocks.
You can survive without breathing.
You are immune to petrification.
You are immune to rotting.


   Skills:
 - Level 6.1 Fighting
 + Level 1.3 Short Blades
   Level 1.0 Staves
 - Level 1.0 Dodging
 - Level 2.1 Stealth
 - Level 1.1 Shields


You had 3 spell levels left.
You didn't know any spells.

Inventory:

Hand weapons
 l - a +1 short sword of electrocution (weapon)
Armour
 a - a +0 shield (worn)
 h - a +0 leather armour (worn)
Scrolls
 d - a scroll of identify {unknown}
 e - a scroll of amnesia {unknown}
 i - a scroll of teleportation {unknown}
 j - a scroll of fog {unknown}
 k - a scroll of fear {unknown}
 m - a scroll of immolation {unknown}
Potions
 b - 3 potions of curing
 c - 2 potions of lignification {!q}
 f - 2 potions of resistance {unknown}
 o - 2 potions of ambrosia {unknown}
Comestibles
 g - 2 bread rations
 n - 7 fruits

#..............#
#..............#
#......##†...###
#......##.#####
#########.....#
#..##.###
#..#....#
....#..#W#
####.#..#9#
..#..### ######


You could see Restia's ghost.


Message History

You barely miss Restia's ghost.
Restia's ghost is lightly damaged.
Restia's ghost hits you.
You hit Restia's ghost but do no damage.
Restia's ghost is lightly damaged.
You block Restia's ghost's attack.
You hit Restia's ghost but do no damage.
There is a sudden explosion of sparks!
Restia's ghost is moderately damaged.
Restia's ghost hits you.
* * * LOW HITPOINT WARNING * * *
Restia's ghost hits you but does no damage.
Unknown command.
You hit Restia's ghost but do no damage.
There is a sudden explosion of sparks!
Restia's ghost is heavily damaged.
Restia's ghost hits you but does no damage.
You hit Restia's ghost but do no damage.
Restia's ghost is heavily damaged.
You block Restia's ghost's attack.
You hit Restia's ghost but do no damage.
Restia's ghost is heavily damaged.
Restia's ghost hits you!
* * * LOW HITPOINT WARNING * * *
Restia's ghost sneers, "Do you call that fighting?"
You see here a worm corpse.
Restia's ghost says, "Are you willing to die fighting?
I was!"
There is a stone staircase leading up here.
Restia's ghost hits you!
You die...

Action                   |  1- 3 |  4- 6 || total
-------------------------+-------+-------++-------
Melee: Dagger            |    59 |       ||    59
       Short sword       |    74 |    20 ||    94
 Stab: Sleeping          |     2 |     1 ||     3
  Eat: Chunk             |     2 |     2 ||     4

Vault maps used:
D:1:      tarquinn_simple_flora_water_a, baited_tele_trap
D:2:      grunt_ministairs_4, okawaru_gym_becter, uniq_sigmund
D:3:      st_stairs_7

Notes
Turn   | Place    | Note
--------------------------------------------------------------
     0 | D:1      | MackTheKnife, the Gargoyle Wanderer, began the quest for the Orb.
     0 | D:1      | MackTheKnife set off with: a +0 shield, a potion of curing, a potion of lignification {!q}, a +0 robe, a +0 club, a +0 dagger, a bread ration
     0 | D:1      | Reached XP level 1. HP: 16/16 MP: 1/1
   388 | D:1      | Reached XP level 2. HP: 20/20 MP: 2/2
   498 | D:1      | Reached skill level 5 in Fighting
   924 | D:2      | Reached XP level 3. HP: 7/26 MP: 3/3
  1289 | D:2      | Found an iron altar of Okawaru.
  1885 | D:2      | Noticed Sigmund
  1950 | D:2      | Reached skill level 6 in Fighting
  1950 | D:2      | Reached XP level 4. HP: 30/32 MP: 4/4
  2204 | D:3      | Noticed Restia's ghost (average DsMo)
  2244 | D:3      | Slain by Restia's ghost

Vanquished Creatures
  2 adders (D:2)
  4 worms
  A giant gecko (D:1)
  A ball python (D:1)
  3 bats
  5 goblins
  A hobgoblin (D:2)
  3 jackals (D:1)
  4 kobolds
  2 giant cockroaches
  2 giant newts
  7 rats
35 creatures vanquished.
